 Dungeon Crawl Stone Soup version 0.26-a0-547-g695e311587 (console) character file.

Game seed: 11774400791725591107

71 FIQ the Fighter (level 4, -7/45 HPs)
             Began as a Gnoll Wanderer on Aug 19, 2020.
             Mangled by a gnoll
             ... wielding a +0 halberd
              (17 damage)
             ... on level 2 of the Dungeon.
             The game lasted 00:01:41 (1786 turns).

FIQ the Fighter (Gnoll Wanderer)                    Turns: 1786, Time: 00:01:41

Health: -7/45      AC:  2    Str: 14    XL:     4   Next: 24%
Magic:  5/5        EV: 12    Int: 16    God:
Gold:   63         SH:  0    Dex: 14    Spells: 5/5 levels left

rFire    . . .     SeeInvis .   g - +1 dagger (speed)
rCold    . . .     Faith    .   (no shield)
rNeg     . . .     Spirit   .   d - +0 robe
rPois    .         Reflect  .   (no helmet)
rElec    .         Harm     .   (no cloak)
rCorr    .                      (no gloves)
MR       .....                  (no boots)
Stlth    ++........             (no amulet)
HPRegen  0.15/turn              (no ring)
MPRegen  0.09/turn              (no ring)

@: no status effects
A: distributed training, fangs 1, strong nose
a: no special abilities


You were on level 2 of the Dungeon.
You visited 1 branch of the dungeon, and saw 2 of its levels.

You collected 63 gold pieces.

Inventory:

Hand Weapons
 a - a +2 mace
 g - a +1 dagger of speed (weapon)
Armour
 d - a +0 robe (worn)
Scrolls
 b - 2 scrolls of teleportation
 e - 3 scrolls of remove curse {unknown}
 i - a scroll of identify {unknown}
 j - a scroll of enchant weapon {unknown}
 k - a scroll of fog {unknown}
Potions
 c - 3 potions of curing
 f - a potion of brilliance {unknown}
 h - a potion of stabbing {unknown}


   Skills:
 + Level 8.5 Fighting
 + Level 1.1 Short Blades
 + Level 1.1 Long Blades
 + Level 1.1 Axes
 + Level 4.6 Maces & Flails
 + Level 2.7 Polearms
 + Level 1.1 Staves
 + Level 1.1 Slings
 + Level 1.1 Bows
 + Level 1.1 Crossbows
 + Level 4.6 Throwing
 + Level 2.7 Armour
 + Level 1.1 Dodging
 + Level 1.1 Stealth
 + Level 1.1 Shields
 + Level 1.1 Unarmed Combat
 + Level 1.1 Spellcasting
 + Level 0.8 Conjurations
 + Level 0.8 Hexes
 + Level 0.8 Summonings
 + Level 0.8 Necromancy
 + Level 0.8 Translocations
 + Level 0.8 Transmutations
 + Level 0.8 Fire Magic
 + Level 0.8 Ice Magic
 + Level 0.8 Air Magic
 + Level 0.8 Earth Magic
 + Level 0.8 Poison Magic
 + Level 1.2 Invocations
 + Level 1.1 Evocations


You had 5 spell levels left.
You didn't know any spells.
Your spell library was empty.

Dungeon Overview and Level Annotations

Branches:
Dungeon (2/15)

Altars:


Innate Abilities, Weirdness & Mutations

Your experience applies equally to all skills.
You have very sharp teeth.
Your uncanny sense of smell can sniff out nearby items.


Message History

You are too injured to fight recklessly!
You are too injured to fight recklessly!
You are too injured to fight recklessly!
You are too injured to fight recklessly!
You are too injured to fight recklessly!
You are too injured to fight recklessly!
You are too injured to fight recklessly!
You are too injured to fight recklessly!
You are too injured to fight recklessly!
You are too injured to fight recklessly!
You are too injured to fight recklessly!
You are too injured to fight recklessly!
You closely miss the gnoll.
The gnoll is heavily wounded.
You hit the gnoll.
You kill the gnoll!
The gnoll hits you with a +0 club.
* * * LOW HITPOINT WARNING * * *
The gnoll hits you from afar with a +0 halberd!
You die...

#.# #.# #.# #.#
#.# #.# #.# #.#
##### #[#
#...#######.##.#
#......)@gg.##.#
#...##########.#
##.## #.### #.#
#...#
#.#############.#
#..........[# #.#
###########.# #.#
#.# #.# #.# #.#
###############.#
#.#
##...............#
#.#


You could see 2 gnolls.

Vanquished Creatures
  2 gnolls (D:2)
  An adder (D:2)
  A dart slug (D:2)
  A leopard gecko (D:2)
  2 giant cockroaches (D:1)
  8 goblins
  5 hobgoblins
  2 kobolds
  2 quokkas (D:2)
  6 bats
  2 frilled lizards
  5 rats
37 creatures vanquished.

Notes
Turn   | Place    | Note
-------+----------+-------------------------------------------
     0 | D:1      | FIQ the Gnoll Wanderer began the quest for the Orb.
     0 | D:1      | FIQ set off with the following items: a +2 mace, a scroll
                  | of teleportation, a potion of curing, a +0 robe
     0 | D:1      | Reached XP level 1. HP: 26/26 MP: 1/1
    96 | D:1      | Reached XP level 2. HP: 31/33 MP: 2/2
   702 | D:1      | Reached XP level 3. HP: 37/38 MP: 3/3
  1250 | D:2      | Reached skill level 1 in Invocations
  1599 | D:2      | Reached skill level 1 in Short Blades
  1599 | D:2      | Reached skill level 1 in Long Blades
  1599 | D:2      | Reached skill level 1 in Axes
  1599 | D:2      | Reached skill level 1 in Staves
  1599 | D:2      | Reached skill level 1 in Slings
  1599 | D:2      | Reached skill level 1 in Bows
  1599 | D:2      | Reached skill level 1 in Crossbows
  1599 | D:2      | Reached skill level 1 in Dodging
  1599 | D:2      | Reached skill level 1 in Stealth
  1599 | D:2      | Reached skill level 1 in Shields
  1599 | D:2      | Reached skill level 1 in Unarmed Combat
  1599 | D:2      | Reached skill level 1 in Spellcasting
  1599 | D:2      | Reached skill level 1 in Evocations
  1777 | D:2      | Reached XP level 4. HP: 26/45 MP: 5/5
  1786 | D:2      | Mangled by a gnoll

Illustrated notes

Levels and vault maps discovered:
D:1:      dpeg_arrival_subterranean_lakeside_camping, layout_basic
D:2:      layout_loops_ring

Skill      XL: |  1  2  3 |
---------------+----------+-----
Invocations    | 1 |  1.2
Short Blades   | 1 |  1.1
Long Blades    | 1 |  1.1
Axes           | 1 |  1.1
Staves         | 1 |  1.1
Slings         | 1 |  1.1
Bows           | 1 |  1.1
Crossbows      | 1 |  1.1
Dodging        | 1 |  1.1
Stealth        | 1 |  1.1
Shields        | 1 |  1.1
Unarmed Combat | 1 |  1.1
Spellcasting   | 1 |  1.1
Evocations     | 1 |  1.1
Fighting       | |  8.5
Maces & Flails | |  4.6
Polearms       | |  2.7
Throwing       | |  4.6
Armour         | |  2.7
Conjurations   | |  0.8
Hexes          | |  0.8
Summonings     | |  0.8
Necromancy     | |  0.8
Translocations | |  0.8
Transmutations | |  0.8
Fire Magic     | |  0.8
Ice Magic      | |  0.8
Air Magic      | |  0.8
Earth Magic    | |  0.8
Poison Magic   | |  0.8

Action                   |  1- 3 |  4- 6 || total
-------------------------+-------+-------++-------
Melee: Mace              |    58 |       ||    58
       Bite              |    14 |     1 ||    15
       Dagger            |    83 |     7 ||    90
       Punch             |     1 |       ||     1
 Stab: Sleeping          |     2 |       ||     2
Armor: Robe              |     8 |       ||     8
Dodge: Dodged            |    75 |     3 ||    78

Table legend: (Time is in decaauts)
 A = Elapsed time spent in this place.
 B = Non-inter-level travel time spent in this place.
 C = Inter-level travel time spent in this place.
 D = Time resting spent in this place.
 E = Time spent auto-exploring this place.
 F = Levels seen in this place.
 G = Mean time per level.
                   A        B        C        D        E       F      G
               +--------+--------+--------+--------+--------+-----+--------+
         Total |   1765 |   1684 |     81 |      0 |   1452 |   2 |  882.5 |
       Dungeon |   1765 |   1684 |     81 |      0 |   1452 |   2 |  882.5 |
               +--------+--------+--------+--------+--------+-----+--------+

Top non-repeatable levels by time:
     D:1: 987 daAuts
     D:2: 778 daAuts
